 Dungeon Crawl Stone Soup version 0.17-a0-737-gf0a300a (webtiles) character file.

8758 PolkaDot the Jinx (level 11, -7/87 HPs)
             Began as a Vampire Enchanter on Apr 24, 2015.
             Was a Believer of Ashenzari.
             Hit by a large rock thrown by a cyclops (15 damage)
             ... on level 11 of the Dungeon.
             The game lasted 00:45:56 (18220 turns).

PolkaDot the Jinx (Vampire Enchanter)              Turns: 18220, Time: 00:45:57

Health: -7/87      AC:  7    Str:  7      XL:     11   Next: 14%
Magic:  14/14      EV: 13    Int: 21      God:    Ashenzari [**....]
Gold:   652        SH:  0    Dex: 23 (24) Spells: 5 memorised, 1 level left

rFire  . . .     SeeInvis +     A - +0 dagger (elec) (curse)
rCold  + + .     Clarity  .     C - +2 robe of the Shining Light {+Fly Dex+4} (curse)
rNeg   + + +     SustAb   .     (no shield)
rPois  ∞         Gourm    .     d - +0 helmet (curse)
rElec  .         Spirit   .     G - +0 cloak (curse)
rCorr  .         Warding  .     z - +0 pair of gloves (curse)
rMut   .         Stasis   .     (no boots)
MR     +++..                    (no amulet)
Stlth  +++++++...               t - ring of protection from magic (curse)
                                n - +5 ring of dexterity (curse)

@: very slightly contaminated, bloodless, non-regenerating, extremely resistant
to hostile enchantments, extremely stealthy
A: fangs 3, see invisible, blink 1, magic resistance 1, unbreathing
a: Bat Form, Blink, Scrying, Renounce Religion, Evoke Flight


You were on level 11 of the Dungeon.
You worshipped Ashenzari.
Ashenzari was pleased with you.
You were bloodless.

You visited 2 branches of the dungeon, and saw 12 of its levels.

You collected 652 gold pieces.

Inventory:

Hand weapons
 A - a cursed +0 dagger of electrocution (weapon)
Missiles
 K - a throwing net (quivered)
Armour
 d - a cursed +0 helmet (worn)
 z - a cursed +0 pair of gloves (worn)
 C - the cursed +2 robe of the Shining Light (worn) {+Fly Dex+4}
   (You took it off an orc on level 6 of the Dungeon)

   It affects your dexterity (+4).
   It lets you fly.
   It has a curse placed upon it.
 G - a cursed +0 cloak (worn)
 L - the +5 leather armour of the Moon {rPois rC+}
   (You found it on level 8 of the Dungeon)

   It protects you from cold.
   It protects you from poison.
Jewellery
 n - a cursed +5 ring of dexterity (left hand)
 t - a cursed ring of protection from magic (right hand)
Magical devices
 o - a wand of flame (8)
 u - a wand of draining (8)
 x - a wand of magic darts (1)
 y - a wand of random effects (16)
Scrolls
 c - a scroll of brand weapon {unknown}
 e - 3 scrolls of teleportation
 g - 3 scrolls of enchant armour {unknown}
 k - a scroll of amnesia
 l - a scroll of enchant weapon {unknown}
 m - 9 scrolls of curse armour
 p - a scroll of fog
 B - 2 scrolls of curse weapon
 D - a scroll of recharging {unknown}
 E - a scroll of random uselessness {unknown}
 H - a scroll of identify
 I - a scroll of summoning {unknown}
Potions
 a - 6 potions of restore abilities {unknown}
 f - 5 potions of curing
 h - a potion of cure mutation {!q}
 q - 3 potions of brilliance
 r - 2 potions of cancellation {unknown}
 v - 2 potions of heal wounds {unknown}
 w - a potion of might {unknown}
 F - a potion of poison {unknown}
Books
 b - a Necronomicon {highlevel, unknown}

   This book is beyond your current level of understanding.

   Spells                             Type                      Level
   a - Haunt                          Necromancy/Summoning         7
   b - Borgnjor's Revivification      Necromancy                   8
   c - Death's Door                   Charms/Necromancy            8
   d - Necromutation                  Transmutation/Necromancy     8
 J - a book of Burglary

   Spells                             Type                      Level
   a - Swiftness                      Charms/Air                   2
   b - Passwall                       Transmutation/Earth          3
   c - Passage of Golubria            Translocation                4
   d - Lee's Rapid Deconstruction     Earth                        5
   e - Invisibility                   Hexes                        6
   f - Darkness                       Hexes                        7
 M - a book of Hinderance

   Spells                             Type                      Level
   a - Confusing Touch                Hexes                        2
   b - Confuse                        Hexes                        3
   c - Gell's Gravitas                Hexes/Translocation          3
   d - Petrify                        Transmutation/Earth          4
   e - Metabolic Englaciation         Hexes/Ice                    5
   f - Summon Mana Viper              Hexes/Summoning              5


   Skills:
 - Level 8.5 Fighting
 + Level 8.0 Short Blades
 - Level 2.1 Dodging
 + Level 12.0 Stealth
 - Level 2.0 Spellcasting
 * Level 14.6 Hexes
 - Level 1.0 Ice Magic


You had one spell level left.
You knew the following spells:

 Your Spells              Type           Power        Failure   Level  Hunger
a - Corona                Hex            ######.      1%          1    #......
c - Confuse               Hex            ######..     1%          3    ###....
d - Ensorcelled Hibernat  Hex/Ice        ####..       1%          2    ##.....
A - Apportation           Tloc           #.........   14%         1    #......
I - Invisibility          Hex            ######..     8%          6    #######


Dungeon Overview and Level Annotations

Branches:
Dungeon (11/15)            Temple (1/1) D:7            Lair (0/8) D:10
    Orc: D:9-12

Altars:
Ashenzari
Cheibriados
Dithmenos
Elyvilon
Fedhas
Gozag
Kikubaaqudgha
Makhleb
Nemelex Xobeh
Okawaru
Qazlal
Ru
Sif Muna
Trog
Vehumet
Xom
Yredelemnul
Zin
The Shining One

Shops:
D:10 }


Innate Abilities, Weirdness & Mutations

You do not heal naturally.
You are immune to poison.
You have razor-sharp teeth.
You have supernaturally acute eyesight.
You can survive without breathing.
You can translocate small distances at will.
You are resistant to hostile enchantments.


Message History

You are confused.
You feel invigorated. The cyclops hits you!
* * * LOW HITPOINT WARNING * * *
Drink which item? (? for menu, Esc to quit)
You feel better.
You feel less invigorated.
The cyclops hits you but does no damage.
Read which item? (? for menu, Esc to quit)
Okay, then.
Unknown command.
Drink which item? (? for menu, Esc to quit)
Okay, then.
Unknown command.
Adjust (i)tems, (s)pells, or (a)bilities?
Adjust which ability?
No such ability.
Use which ability? (? or * to list)
You blink.
Use which ability? (? or * to list)
You blink.
The cyclops throws a large rock.
The large rock hits you!
You die...

, , , , , , , , ,
##+####+###+#, *
#............. , ,
+............. , *
#....<........ , , , ,
, #..............
+.....@........ ,
#.............. , * ,
#$......)....... ,, *
, ,#....##C##+### *
,#####+#....#...(..#
,#..........'......+ ,
,,+.......§†.#......#,
, #....!.....#..###.#
* ###+#.........†#+##*
+#*


You could see a cyclops.

Vanquished Creatures
  Snorg (D:10)
  A hydra (D:9)
  The ghost of hornqvist the Covert, an experienced OpAs of Gozag (D:6)
  A centaur skeleton (D:10)
  A wraith (D:10)
  Eustachio (D:6)
  5 yaks (D:11)
  3 hippogriffs (D:10)
  Menkaure (D:4)
  3 orc warriors
  3 sky beasts
  7 centaurs
  2 ice beasts (D:7)
  An eye of draining (D:9)
  7 ogres
  A big kobold (D:7)
  2 necrophages
  Blork the orc (D:4)
  7 giant frogs
  A wyvern zombie (D:7)
  A wyvern skeleton (D:10)
  4 wights (D:8)
  4 scorpions
  2 vampire bats (D:8)
  6 killer bees (D:8)
  2 crimson imps
  The ghost of Fv001 the Digger, a weakling GrEE (D:3)
  3 hounds
  2 giant frog skeletons
  3 orc priests
  2 quasits
  6 jellies
  An iguana (D:8)
  4 worker ants
  16 orc wizards
  A hound skeleton (D:10)
  A worker ant zombie (D:4)
  3 gnolls (D:4)
  A shadow imp (D:5)
  10 adders
  2 adder skeletons (D:6)
  3 worms
  7 giant geckos
  42 orcs
  15 bats
  4 bat skeletons (D:8)
  2 bat zombies (D:8)
  7 giant cockroaches
  9 goblins
  16 hobgoblins
  26 kobolds
  6 quokkas
  2 giant gecko skeletons
  A giant gecko zombie (D:8)
  3 giant newts
  16 jackals
  2 quokka zombies (D:6)
  19 rats
  A plant (D:4)
306 creatures vanquished.

Vanquished Creatures (others)
  A giant spore (D:7)
  2 plants (D:4)
3 creatures vanquished.

Grand Total: 309 creatures vanquished

Notes
Turn   | Place    | Note
--------------------------------------------------------------
     0 | D:1      | PolkaDot, the Vampire Enchanter, began the quest for the Orb.
     0 | D:1      | Reached XP level 1. HP: 13/13 MP: 3/3
   447 | D:1      | Reached XP level 2. HP: 17/19 MP: 5/5
   451 | D:1      | Learned a level 2 spell: Ensorcelled Hibernation
   545 | D:1      | Reached skill level 1 in Ice Magic
  1004 | D:2      | Reached XP level 3. HP: 20/25 MP: 3/6
  1059 | D:2      | Learned a level 3 spell: Confuse
  1111 | D:2      | Reached skill level 5 in Hexes
  1811 | D:2      | Reached skill level 5 in Stealth
  2176 | D:3      | Noticed Fv001's ghost (weakling GrEE)
  2199 | D:3      | Killed Fv001's ghost
  2199 | D:3      | Reached XP level 4. HP: 27/31 MP: 3/7
  2208 | D:3      | You fall through a shaft for 3 floors!
  2227 | D:6      | Reached skill level 6 in Hexes
  2232 | D:6      | Reached XP level 5. HP: 3/36 MP: 4/8
  2723 | D:5      | Entered Level 5 of the Dungeon
  2790 | D:5      | Reached skill level 7 in Hexes
  2817 | D:5      | Noticed a black bear
  2888 | D:5      | Noticed a centaur
  2898 | D:5      | Reached skill level 1 in Fighting
  2903 | D:5      | Killed a centaur
  2903 | D:5      | Reached XP level 6. HP: 43/46 MP: 4/9
  3069 | D:5      | Found a white marble altar of Elyvilon.
  4457 | D:4      | Reached XP level 7. HP: 52/52 MP: 10/10
  5225 | D:4      | Noticed Menkaure
  5233 | D:4      | Killed Menkaure
  5484 | D:4      | Noticed Blork the orc
  5488 | D:4      | Found a shattered altar of Ashenzari.
  5490 | D:4      | Killed Blork the orc
  5490 | D:4      | Reached skill level 5 in Fighting
  5493 | D:4      | Became a worshipper of Ashenzari the Shackled
  6401 | D:4      | Reached skill level 8 in Hexes
  7091 | D:4      | Found a radiant altar of Vehumet.
  7091 | D:4      | Found a burning altar of Makhleb.
  7095 | D:4      | Reached XP level 8. HP: 49/63 MP: 11/11
  8059 | D:3      | Found a bloodstained altar of Trog.
  8356 | D:3      | Noticed a scorpion
  8364 | D:3      | Killed a scorpion
  9107 | D:6      | Reached skill level 9 in Hexes
  9191 | D:6      | Identified the +2 robe of the Shining Light {+Fly Dex+4} (You took it off an orc on level 6 of the Dungeon)
  9193 | D:6      | Found a blossoming altar of Fedhas.
  9213 | D:6      | Noticed hornqvist's ghost (experienced OpAs)
  9226 | D:6      | Killed hornqvist's ghost
  9226 | D:6      | Reached skill level 5 in Short Blades
  9226 | D:6      | Reached skill level 10 in Hexes
  9242 | D:6      | Noticed Eustachio
  9248 | D:6      | Killed Eustachio
  9248 | D:6      | Reached XP level 9. HP: 69/69 MP: 5/12
  9902 | D:7      | Found a staircase to the Ecumenical Temple.
  9910 | Temple   | Entered the Ecumenical Temple
 10133 | D:7      | Reached skill level 11 in Hexes
 10837 | D:7      | Learned a level 6 spell: Invisibility
 11694 | D:8      | Gained mutation: You can translocate small distances at will. [potion of mutation]
 11694 | D:8      | Gained mutation: You are resistant to hostile enchantments. [potion of mutation]
 11720 | D:8      | Found a glowing golden altar of the Shining One.
 11758 | D:8      | Found a shadowy altar of Dithmenos.
 12022 | D:8      | Identified the cursed +0 leather armour of Disaster {-Cast rF++ rC+ Stlth-} (You took it off a kobold on level 7 of the Dungeon)
 12054 | D:8      | Noticed a red ugly thing
 13028 | D:8      | Noticed a four-headed hydra
 13305 | D:8      | Reached XP level 10. HP: 80/80 MP: 13/13
 13430 | D:8      | Identified the +5 leather armour of the Moon {rPois rC+}
 13490 | D:8      | Reached skill level 12 in Hexes
 13533 | D:8      | Acquired Ashenzari's first power
 14339 | D:8      | Found an iron altar of Okawaru.
 14520 | D:8      | Found an ancient bone altar of Kikubaaqudgha.
 14531 | D:8      | Reached skill level 10 in Stealth
 14664 | D:8      | Learned a level 1 spell: Apportation
 14830 | D:9      | Found a snail-covered altar of Cheibriados.
 14880 | D:9      | Found an opulent altar of Gozag.
 14984 | D:9      | Noticed a six-headed hydra
 14989 | D:9      | Killed a six-headed hydra
 15160 | D:9      | Reached skill level 13 in Hexes
 15532 | D:10     | Entered Level 10 of the Dungeon
 15555 | D:10     | Found a staircase to the Lair.
 15691 | D:10     | Found Iryduwann's Gadget Shop.
 15887 | D:10     | Reached skill level 14 in Hexes
 16157 | D:10     | Noticed Snorg
 16161 | D:10     | HP: 2/82 [Snorg (16)]
 16532 | D:10     | Killed Snorg
 16532 | D:10     | Reached XP level 11. HP: 12/87 MP: 4/14
 18215 | D:11     | HP: 1/87 [cyclops (30)]
 18220 | D:11     | Hit by a large rock thrown by a cyclops

Action                   |  1- 3 |  4- 6 |  7- 9 | 10-12 || total
-------------------------+-------+-------+-------+-------++-------
Melee: Dagger            |    98 |    94 |   393 |   171 ||   756
 Cast: Corona            |     2 |     1 |     3 |       ||     6
       Ensorcelled Hiber |    15 |    15 |    58 |    24 ||   112
       Confuse           |     1 |       |    12 |    10 ||    23
       Invisibility      |       |       |     1 |     4 ||     5
 Abil: Blink             |       |       |       |     2 ||     2
  Use: Scroll            |     3 |     3 |    14 |     3 ||    23
       Potion            |       |       |     1 |     6 ||     7
 Stab: Sleeping          |    18 |    14 |    68 |    42 ||   142
       Confused          |     1 |       |     7 |     3 ||    11
       Distracted        |       |     1 |     2 |       ||     3
       Invisible         |       |       |     6 |     5 ||    11
